 Dungeon Crawl Stone Soup version 0.19.1-1-g22dce08 (webtiles) character file.

22281 theAP the Bludgeoner (level 12, -5/84 HPs)
             Began as a Gargoyle Fighter on Jan 13, 2017.
             Was a High Priest of Ru.
             Splashed by an oklob plant's acid (10 damage)
             ... on level 1 of the Lair of Beasts.
             The game lasted 00:38:38 (10976 turns).

theAP the Bludgeoner (Gargoyle Fighter)            Turns: 10976, Time: 00:38:39

Health: -5/84      AC: 29    Str: 25    XL:     12   Next: 98%
Magic:  12/12      EV:  4    Int:  9    God:    Ru [*****.]
Gold:   719        SH:  9    Dex:  9    Spells: 0 memorised, 11 levels left

rFire  . . .     SeeInvis .     k - +2 whip (elec)
rCold  + . .     Gourm    .     o - +7 plate armour
rNeg   + . .     Faith    .     c - +0 shield
rPois  ∞         Spirit   .     A - +0 helmet
rElec  +         Reflect  .     C - +2 cloak
rCorr  .         Harm     +     x - +0 pair of gloves
MR     .....     Rnd*Tele +     B - +0 pair of boots
Stlth  ..........               s - amulet of harm
                                v - ring of stealth (curse)
                                N - ring of teleportation (curse)

@: corroded, drained
A: blink, cold resistance 1, mutation resistance 1, negative energy resistance
1, electricity resistance, teleportitis 1, unbreathing, petrification
resistance, no device heal 2, rot immunity, inability to use devices, no charms
magic, no ice magic, no necromancy magic, AC +8
a: Blink, Sacrifice an Eye, Sacrifice Essence, Sacrifice Words, Reject
Sacrifices, Draw Out Power, Power Leap, Apocalypse, Renounce Religion


You were on level 1 of the Lair of Beasts.
You worshipped Ru.
Ru was extremely pleased with you.
You were hungry.

You visited 3 branches of the dungeon, and saw 15 of its levels.
You also visited: Ice Cave.

You collected 719 gold pieces.

Inventory:

Hand Weapons
 a - a +0 flail
 k - a +2 whip of electrocution (weapon)
Armour
 c - a +0 shield (worn)
 o - a +7 plate armour (worn)
 x - a +0 pair of gloves (worn)
 A - a +0 helmet (worn)
 B - a +0 pair of boots (worn)
 C - a +2 cloak (worn)
 F - a +1 cloak of cold resistance
Jewellery
 e - a +3 ring of strength
 s - an amulet of harm (around neck)
 v - a cursed ring of stealth (right hand)
 N - a cursed ring of teleportation (left hand)
Scrolls
 b - 10 scrolls of remove curse
 y - a scroll of magic mapping
 D - 2 scrolls of fear
 O - a scroll of teleportation
 Q - 4 scrolls of identify
 S - 3 scrolls of amnesia
Potions
 d - 4 potions of might
 h - 6 potions of degeneration
 i - 2 potions of agility
 j - 7 potions of lignification
 l - 4 potions of curing
 m - 2 potions of brilliance
 n - 2 potions of heal wounds
 q - 2 potions of haste
 t - a potion of magic
 u - a potion of berserk rage
 G - 2 potions of flight
Books
 w - a book of Frost

   Spells                             Type                      Level
   a - Freeze                         Ice                          1
   b - Throw Frost                    Conjuration/Ice              2
   c - Ozocubu's Armour               Charms/Ice                   3
   d - Throw Icicle                   Conjuration/Ice              4
   e - Summon Ice Beast               Ice/Summoning                4
 z - a book of Ice

   Spells                             Type                      Level
   a - Ice Form                       Ice/Transmutation            4
   b - Metabolic Englaciation         Hexes/Ice                    5
   c - Ozocubu's Refrigeration        Ice                          6
   d - Bolt of Cold                   Conjuration/Ice              6
   e - Freezing Cloud                 Conjuration/Ice/Air          6
   f - Simulacrum                     Ice/Necromancy               6
 L - a book of Maledictions

   Spells                             Type                      Level
   a - Corona                         Hexes                        1
   b - Ensorcelled Hibernation        Hexes/Ice                    2
   c - Confuse                        Hexes                        3
   d - Tukima's Dance                 Hexes                        3
   e - Dazzling Spray                 Conjuration/Hexes            3
 R - a book of Cantrips

   Spells                             Type                      Level
   a - Confusing Touch                Hexes                        1
   b - Animate Skeleton               Necromancy                   1
   c - Summon Small Mammal            Summoning                    1
   d - Apportation                    Translocation                1
Comestibles
 f - 8 bread rations
 g - 7 meat rations
 p - a royal jelly
 r - 2 beef jerkies
 E - 2 fruits
 M - 4 slices of pizza


   Skills:
 + Level 13.4(12.2) Fighting
 * Level 16.5(15.2) Maces & Flails
 - Level 3.2(2.3) Armour
 - Level 3.2(2.3) Shields


You had 11 spell levels left.
You didn't know any spells.

Dungeon Overview and Level Annotations

Branches:
Dungeon (13/15)            Temple (1/1) D:6            Lair (1/6) D:11
    Orc (0/2) D:12         Vaults (0/5) D:13

Altars:
Ashenzari
Fedhas
Gozag
Hepliaklqana
Kikubaaqudgha
Nemelex Xobeh
Qazlal
Ru
Trog
Vehumet
Xom
Yredelemnul
The Shining One

Annotations:
Lair:1 exclusion: 2 oklob plants


Innate Abilities, Weirdness & Mutations

You are resistant to torment.
Your stone body is resilient. (AC +8)
You are immune to poison.
You resist negative energy. (rN+)
You are resistant to electric shocks. (rElec)
You can survive without breathing.
You are immune to petrification.
Potions and wands are poor at restoring your health.
You are immune to rotting.
You cannot study or use magical devices.
You cannot study or cast Charms magic.
You cannot study or cast Ice magic.
You cannot study or cast Necromancy magic.
You can translocate small distances at will.
Your flesh is cold resistant. (rC+)
You are somewhat resistant to further mutation.
You are occasionally teleported next to monsters.


Message History

The splash of acid hits you!
You are splashed with acid!
The acid burns!
Eat a chunk of flesh? (ye/n/q)
You start eating the chunk of flesh.
This raw flesh tastes terrible.
You are feeling hungry.
Really walk into a travel-excluded area?
The oklob plant spits acid at you. The splash of acid hits you!
You are splashed with acid!
The acid burns!
* * * LOW HITPOINT WARNING * * *
There is an open door, spattered with blood here.
All monsters which could be auto-targeted are covered by a wall or statue which interrupts your line of fire, even though it doesn't interrupt your line of sight.
Aiming: Power Leap
Press: ? - help, Dir - move target cursor
Okay, then.
Found three stone staircases leading down.
The oklob plant spits acid at you. The splash of acid hits you!
* * * LOW HITPOINT WARNING * * *
You are splashed with acid!
The acid burns!
You die... ######## #PPPPPP#

#≈≈≈≈≈≈#
#≈....≈#
###......#
#>.......####
#>...@...'..#
#>.......#.#####
###.....?#.....#
#≈....≈#P.#..#
#≈≈≈≈≈≈##.#..#
#####
#PPPPPP##.#..#
#.##.
#########.##.#
##... #.##.##
#... #.##..#
#.##


You could see 2 oklob plants.

Vanquished Creatures
  An entropy weaver (shapeshifter) (D:12)
  The ghost of dngmouse the Fighter, a journeyman DDFi of Makhleb (IceCv)
  Erica (D:8)
  The ghost of barowei the Thaumaturge, a novice DsWz of Vehumet (D:10)
  2 unseen horrors
  2 hill giants
  Pikel (D:8)
  A necromancer (IceCv)
  A manticore (D:12)
  Psyche (D:9)
  An ice statue (IceCv)
  Joseph (D:8)
  Maurice (D:8)
  A spiny frog (Lair:1)
  A rime drake (Lair:1)
  10 freezing wraiths (IceCv)
  5 trolls
  A two-headed ogre (D:6)
  5 blink frogs (Lair:1)
  4 hippogriffs
  2 wyverns
  A wraith (D:12)
  A shadow (D:11)
  A vampire (D:11)
  12 yaks
  A hungry ghost (D:7)
  A soldier ant (D:10)
  Duvessa (D:7)
  5 orc warriors
  7 ice beasts
  A black bear (D:6)
  2 sky beasts
  8 ogres
  5 centaurs
  A big kobold (D:11)
  2 crocodiles (Lair:1)
  9 bullfrogs
  A wyvern zombie (D:9)
  Dowan (D:7)
  A water moccasin skeleton (D:8)
  5 scorpions
  4 killer bees (D:12)
  5 wights (D:8)
  3 crimson imps
  A bullfrog zombie (D:6)
  A quasit (D:9)
  The ghost of Stil the Grasshopper, a weakling SpWr (D:4)
  3 centaur zombies
  2 draconian simulacra (IceCv)
  A gnoll shaman (D:5)
  2 hounds
  2 centaur skeletons (D:4)
  5 orc priests
  3 jellies
  3 bullfrog skeletons
  10 orc wizards
  4 iguanas
  9 worker ants
  8 troll simulacra (IceCv)
  2 polar bear simulacra (IceCv)
  2 killer bee zombies
  2 wolf simulacra (IceCv)
  3 centaur simulacra (IceCv)
  A hound zombie (D:10)
  A hound skeleton (D:5)
  A worker ant zombie (D:11)
  5 gnolls (D:5)
  6 adders
  4 naga simulacra (IceCv)
  3 ogre simulacra (IceCv)
  3 shadow imps
  13 white imps
  3 oozes
  2 adder zombies (D:6)
  An adder skeleton (D:8)
  2 worms
  A dart slug (D:1)
  8 leopard geckos
  31 orcs
  7 giant cockroaches
  8 goblins
  4 hobgoblins
  23 jackals
  15 kobolds
  5 quokkas
  A ball python (D:4)
  6 bats
  6 frilled lizards
  A giant cockroach zombie (D:6)
  A goblin zombie (D:7)
  2 hobgoblin zombies (D:7)
  A jackal skeleton (D:9)
  3 kobold zombies (D:7)
  A leopard gecko skeleton (D:6)
  A leopard gecko zombie (D:5)
  2 orc skeletons (D:7)
  2 quokka zombies
  7 rats
  A plant (D:11)
368 creatures vanquished.

Vanquished Creatures (others)
  2 gnolls (D:5)
  3 orcs
  A quokka (D:5)
  A frilled lizard (D:5)
7 creatures vanquished.

Grand Total: 375 creatures vanquished

Notes
Turn   | Place    | Note
-------+----------+-------------------------------------------
     0 | D:1      | theAP the Gargoyle Fighter began the quest for the Orb.
     0 | D:1      | Reached XP level 1. HP: 14/14 MP: 1/1
    67 | D:1      | Reached XP level 2. HP: 15/19 MP: 2/2
   350 | D:1      | Reached skill level 3 in Maces & Flails
   376 | D:1      | Reached XP level 3. HP: 20/23 MP: 3/3
  1052 | D:2      | Reached XP level 4. HP: 26/29 MP: 4/4
  1246 | D:3      | Reached skill level 4 in Maces & Flails
  1415 | D:3      | Found a faded altar of an unknown god.
  1977 | D:4      | Reached XP level 5. HP: 33/33 MP: 5/5
  2040 | D:4      | Noticed Stil's ghost (weakling SpWr)
  2073 | D:4      | Killed Stil's ghost
  2073 | D:4      | Reached skill level 5 in Maces & Flails
  2107 | D:4      | Noticed an ogre
  2113 | D:4      | Killed an ogre
  2113 | D:4      | Reached XP level 6. HP: 30/40 MP: 6/6
  2211 | D:4      | Reached skill level 5 in Fighting
  2354 | D:4      | Reached skill level 6 in Maces & Flails
  2525 | D:5      | Entered Level 5 of the Dungeon
  2616 | D:5      | Reached XP level 7. HP: 44/44 MP: 7/7
  2635 | D:5      | Found a shimmering altar of Xom.
  3027 | D:6      | Reached skill level 7 in Maces & Flails
  3086 | D:6      | Reached XP level 8. HP: 18/52 MP: 8/8
  3290 | D:6      | Noticed a two-headed ogre
  3291 | D:6      | Found a staircase to the Ecumenical Temple.
  3300 | D:6      | Killed a two-headed ogre
  3300 | D:6      | Reached skill level 8 in Maces & Flails
  3355 | Temple   | Entered the Ecumenical Temple
  3369 | Temple   | Became a worshipper of Ru the Awakened
  3682 | D:6      | Reached skill level 9 in Maces & Flails
  4048 | D:7      | Noticed a hippogriff
  4073 | D:7      | Killed a hippogriff
  4073 | D:7      | Reached XP level 9. HP: 53/59 MP: 9/9
  4089 | D:7      | Reached skill level 10 in Maces & Flails
  4149 | D:7      | Found a glowing golden altar of the Shining One.
  4202 | D:7      | Gained mutation: Potions and wands are less effective at restoring your health. [Ru sacrifice]
  4268 | D:7      | Noticed Duvessa
  4277 | D:7      | Noticed Dowan
  4286 | D:7      | Killed Duvessa
  4294 | D:7      | Killed Dowan
  4385 | D:7      | Found a sparkling altar of Nemelex Xobeh.
  4388 | D:7      | Found a stormy altar of Qazlal.
  4390 | D:7      | Found a radiant altar of Vehumet.
  4581 | D:8      | Noticed Joseph
  4599 | D:8      | Killed Joseph
  4790 | D:8      | Reached skill level 11 in Maces & Flails
  4911 | D:8      | Reached XP level 10. HP: 60/66 MP: 10/10
  4951 | D:8      | Noticed Erica
  4991 | D:8      | Killed Erica
  5248 | D:8      | Reached skill level 12 in Maces & Flails
  5310 | D:8      | Noticed Maurice
  5310 | D:8      | Noticed Pikel
  5316 | D:8      | Killed Pikel
  5316 | D:8      | Reached skill level 10 in Fighting
  5334 | D:8      | Killed Maurice
  5339 | D:8      | Gained mutation: You cannot study or cast Ice magic. [Ru sacrifice]
  5339 | D:8      | Gained mutation: You cannot study or cast Necromancy magic. [Ru sacrifice]
  5339 | D:8      | Gained mutation: You cannot study or cast Charms magic. [Ru sacrifice]
  5339 | D:8      | Reached * piety under Ru
  5339 | D:8      | Reached ** piety under Ru
  5553 | D:9      | Found a blossoming altar of Fedhas.
  5723 | D:9      | Noticed Psyche
  6189 | D:9      | Gained mutation: You have an increased reservoir of magic. (+10% MP) [mutagenic meat]
  6190 | D:9      | Gained mutation: You are robust. (+10% HP) [mutagenic meat]
  6191 | D:9      | Gained mutation: Potions and wands are poor at restoring your health. [mutagenic meat]
  6192 | D:9      | Gained mutation: You are occasionally teleported next to monsters. [mutagenic meat]
  6413 | D:9      | Killed Psyche
  6587 | D:10     | Entered Level 10 of the Dungeon
  6596 | D:10     | Noticed barowei's ghost (novice DsWz)
  6608 | D:10     | Killed barowei's ghost
  6608 | D:10     | Reached skill level 13 in Maces & Flails
  6608 | D:10     | Reached XP level 11. HP: 80/80 MP: 12/12
  6665 | D:10     | Killed an unseen horror
  6824 | D:10     | Noticed a hill giant
  6835 | D:10     | Killed a hill giant
  6860 | D:10     | Gained mutation: Your large and strong wings let you fly indefinitely. [mutagenic meat]
  6861 | D:10     | Gained mutation: You are resistant to hostile enchantments. (MR+) [mutagenic meat]
  6862 | D:10     | Gained mutation: Armour fits poorly on your strangely shaped body. [mutagenic meat]
  6863 | D:10     | Lost mutation: Your large and strong wings let you fly indefinitely. [mutagenic meat]
  6892 | D:10     | Identified a scroll of acquirement
  6928 | D:10     | Lost mutation: You are robust. (+10% HP) [potion of mutation]
  6928 | D:10     | Gained mutation: Your flesh is cold resistant. (rC+) [potion of mutation]
  7322 | D:11     | Killed an unseen horror
  7512 | D:11     | Reached skill level 14 in Maces & Flails
  7542 | D:11     | Lost mutation: You are resistant to hostile enchantments. (MR+) [potion of mutation]
  7542 | D:11     | Gained mutation: You can translocate small distances at will. [potion of mutation]
  7601 | D:11     | Found a staircase to the Lair.
  7753 | D:11     | Gained mutation: You cannot study or use magical devices. [Ru sacrifice]
  7753 | D:11     | Reached *** piety under Ru
  7753 | D:11     | Reached **** piety under Ru
  7753 | D:11     | Reached ***** piety under Ru
  7933 | D:12     | Noticed a manticore
  8010 | D:12     | Noticed a hill giant
  8016 | D:12     | Killed a hill giant
  8022 | D:12     | Killed a manticore
  8418 | D:12     | Found a staircase to the Orcish Mines.
  8886 | D:13     | Found a gate to the Vaults.
  8886 | D:13     | Noticed a deep elf mage
  8891 | D:13     | Noticed a spark wasp
  8891 | D:13     | a spark wasp changed into something unseen
  8892 | D:13     | Noticed a minotaur
  8901 | D:13     | Noticed a harpy
  8901 | D:13     | Noticed a five-headed hydra
  8901 | D:13     | a minotaur changed into a five-headed hydra
  8903 | D:13     | Noticed a white ugly thing
  8903 | D:13     | Noticed a death yak
  8903 | D:13     | a five-headed hydra changed into a death yak
  8917 | D:12     | Noticed a dire elephant
  8917 | D:12     | a death yak changed into a dire elephant
  8918 | D:12     | Noticed an entropy weaver
  8918 | D:12     | a dire elephant changed into an entropy weaver
  8931 | D:12     | Noticed a queen ant
  8931 | D:12     | an entropy weaver changed into a queen ant
  8932 | D:12     | Noticed an emperor scorpion
  8932 | D:12     | a queen ant changed into an emperor scorpion
  8942 | D:12     | Noticed a storm dragon
  8942 | D:12     | an emperor scorpion changed into a storm dragon
  8945 | D:12     | HP: 2/76 [storm dragon (glowing shapeshifter)/bolt of lightning (13)]
  8946 | D:12     | a storm dragon changed into something unseen
  8947 | D:12     | Noticed a catoblepas
  8982 | D:12     | Noticed a dire elephant
  8984 | D:12     | Noticed a catoblepas
  8984 | D:12     | a dire elephant changed into a catoblepas
  8995 | D:12     | Noticed a fire dragon
  8995 | D:12     | a catoblepas changed into a fire dragon
  9001 | D:12     | a fire dragon changed into a slime creature
  9002 | D:12     | Noticed a spark wasp
  9002 | D:12     | a slime creature changed into a spark wasp
  9004 | D:12     | Noticed an entropy weaver
  9004 | D:12     | a spark wasp changed into an entropy weaver
  9015 | D:12     | Killed an entropy weaver
  9015 | D:12     | Reached XP level 12. HP: 12/81 MP: 13/13
  9019 | D:12     | Lost mutation: Armour fits poorly on your strangely shaped body. [mutagenic meat]
  9020 | D:12     | Gained mutation: You are somewhat resistant to further mutation. [mutagenic meat]
  9021 | D:12     | Lost mutation: You have an increased reservoir of magic. (+10% MP) [mutagenic meat]
  9295 | D:12     | Reached skill level 15 in Maces & Flails
  9413 | Lair:1   | Entered Level 1 of the Lair of Beasts
  9544 | Lair:1   | Found a frozen archway.
  9560 | IceCv    | Entered an ice cave
  9560 | IceCv    | Noticed dngmouse's ghost (journeyman DDFi)
  9568 | IceCv    | Killed dngmouse's ghost
  9734 | IceCv    | Reached skill level 16 in Maces & Flails
  9838 | IceCv    | Found an ancient bone altar of Kikubaaqudgha.
 10976 | Lair:1   | Splashed by an oklob plant's acid

Skill      XL: |  1  2  3  4  5  6  7  8  9 10 11 12 |
---------------+-------------------------------------+-----
Maces & Flails | 3 4 5 6 7 9 11 13 14 16 | 16.5
Fighting       | 4 5 6 7 9 10 12 13 | 13.4
Armour         | |  3.2
Shields        | |  3.2

Action                   |  1- 3 |  4- 6 |  7- 9 | 10-12 || total
-------------------------+-------+-------+-------+-------++-------
Melee: Flail             |    78 |       |       |       ||    78
       Whip              |    93 |   153 |   376 |   900 ||  1522
Invok: Sacrifice Purity  |       |       |     1 |       ||     1
       Sacrifice Arcana  |       |       |       |     1 ||     1
       Draw Out Power    |       |       |       |     1 ||     1
       Power Leap        |       |       |       |     1 ||     1
       Sacrifice Artific |       |       |       |     1 ||     1
       Apocalypse        |       |       |       |     3 ||     3
  Use: Scroll            |     6 |     1 |    10 |    14 ||    31
       Potion            |       |       |     1 |     7 ||     8
 Stab: Distracted        |       |       |       |     1 ||     1
       Paralysed         |       |       |       |    12 ||    12
       Invisible         |       |       |       |     2 ||     2
  Eat: Chunk             |       |     5 |     9 |    26 ||    40
       Beef jerky        |       |       |     2 |       ||     2
       Pizza             |       |       |       |     4 ||     4
Armor: Scale mail        |    42 |       |       |       ||    42
       Chain mail        |     4 |       |       |       ||     4
       Plate armour      |    96 |    68 |   236 |   489 ||   889
Dodge: Dodged            |    52 |    12 |    61 |    79 ||   204
Block: Shield            |   111 |    60 |   163 |   284 ||   618
